 Dungeon Crawl Stone Soup version 0.21.0-3-g78d12a8 (webtiles) character file.

582589 Megalobster the Slayer (level 25, -30/242 HPs)
             Began as a Minotaur Berserker on Jan 8, 2018.
             Was a Priest of Trog.
             Annihilated by Tiamat
             ... wielding the +7 battleaxe "Radder" {distort, *Rage +Rage Str+3 Dex+7}
              (44 damage)
             ... on level 3 of the Realm of Zot on Jan 9, 2018.
             The game lasted 04:57:14 (60560 turns).

Megalobster the Slayer (Minotaur Berserker)        Turns: 60560, Time: 04:57:14

Health: -30/242    AC: 39    Str: 35    XL:     25   Next: 98%
Magic:  0/10       EV: 27    Int:  6    God:    Trog [***...]
Gold:   4498       SH: 23    Dex: 17    Spells: 24/24 levels left

rFire    + + +     SeeInvis +   b - +9 broad axe (antimagic)
rCold    + . .     Gourm    .   p - +5 shield {rF+}
rNeg     . . .     Faith    .   x - +8 gold dragon scales
rPois    +         Spirit   +   D - +2 hat
rElec    .         Reflect  .   r - scarf {Spirit}
rCorr    .         Harm     .   Q - +2 pair of gloves
MR       +++++                  M - +2 pair of boots {Fly}
Stlth    ..........             f - amulet of Vitality {Regen+ HP+15}
HPRegen  2.30/turn              S - ring of protection from magic
MPRegen  0.12/turn              T - ring of see invisible

@: mighty, agile, about to teleport, corroded, berserk cooldown, regenerating,
slowed, drained, very slow
A: retaliatory headbutt, horns 2, fire resistance 1, frail 1, magic resistance
1, sense surroundings 1, regeneration 1
}: 3/15 runes: decaying, silver, gossamer
a: Berserk, Trog's Hand, Burn Spellbooks, Renounce Religion, Evoke Flight


You were on level 3 of the Realm of Zot.
You worshipped Trog.
Trog was most pleased with you.
You were full.

You visited 8 branches of the dungeon, and saw 44 of its levels.
You also visited: Labyrinth, Bailey, Ice Cave and Wizlab.

You collected 7323 gold pieces.
You spent 2825 gold pieces at shops.

Inventory:

Hand Weapons
 a - a +5 vampiric broad axe
 b - a +9 antimagic broad axe (weapon)
Missiles
 g - 14 tomahawks of returning (quivered)
Armour
 p - a +5 shield of fire resistance (worn)
 r - a scarf of spirit shield (worn)
 t - the +0 pair of boots of Qudghog {+Blink Dex-5 Stlth+}
   (You found it on level 3 of the Realm of Zot)

   It affects your dexterity (-5).
   It lets you blink.
   It makes you more stealthy.
 x - +8 gold dragon scales (worn)
 B - the +14 crystal plate armour "Ibodd" {rC+++ Regen+ Int+3 Dex-3}
   (You acquired it on level 3 of the Swamp)

   It affects your intelligence (+3).
   It affects your dexterity (-3).
   It renders you almost immune to cold.
   It increases your rate of regeneration.
 D - a +2 hat (worn)
 M - a +2 pair of boots of flying (worn)
 Q - a +2 pair of gloves (worn)
Jewellery
 f - the amulet of Vitality (around neck) {Regen+ HP+15}
   (You found it on level 3 of the Depths)

   [amulet of regeneration]

   It affects your health (+15).
   It increases your rate of regeneration.
 E - an uncursed ring of resist corrosion
 K - an uncursed ring of positive energy
 S - a ring of protection from magic (left hand)
 T - a ring of see invisible (right hand)
Wands
 h - a wand of iceblast (20)
 s - a wand of acid (15)
 u - a wand of scattershot (23)
 C - a wand of clouds (7)
 P - a wand of disintegration (16)
 W - a wand of digging (12)
 X - a wand of flame (45)
Scrolls
 e - 23 scrolls of remove curse
 i - 8 scrolls of fog
 j - 3 scrolls of holy word
 k - 14 scrolls of magic mapping
 l - 20 scrolls of teleportation
 v - 9 scrolls of fear
 w - 12 scrolls of identify
 y - 4 scrolls of blinking
 R - a scroll of silence
Potions
 d - 9 potions of lignification
 o - 4 potions of cancellation
 q - 7 potions of haste
 z - 2 potions of might
 A - 3 potions of invisibility
 F - 7 potions of heal wounds
 L - 4 potions of curing
 O - 6 potions of ambrosia
 Y - 7 potions of flight
Miscellaneous
 m - a phantom mirror
 I - a lightning rod (4/4)
 J - a fan of gales
 N - a phial of floods
 V - a lamp of fire
Comestibles
 c - 12 rations


   Skills:
 + Level 25.8(25.5) Fighting
 - Level 18.9(18.6) Axes
 * Level 24.4(24.1) Armour
 * Level 22.8(22.5) Dodging
 + Level 20.1(19.9) Shields
 - Level 12.8(12.6) Evocations


You had 24 spell levels left.
You didn't know any spells.

Dungeon Overview and Level Annotations

Branches:
Dungeon (15/15)            Temple (0/1) D:6            Lair (6/6) D:9
  Swamp (4/4) Lair:4       Spider (4/4) Lair:4        Slime (0/5) Lair:6
    Orc (2/2) D:11            Elf (0/3) Orc:2        Vaults (5/5) D:13
  Crypt (0/3) Vaults:3     Depths (5/5) D:15            Zot (3/5) Depths:5

Altars:
Gozag
Kikubaaqudgha
Nemelex Xobeh
Trog
Vehumet
Xom
Beogh

Shops:
D:9 :   D:13 ([[((   Orc:2 *[(=[   Zot:2 *

Portals:
Hell: Depths:1 Depths:2 Depths:3 Depths:4 Depths:5
Abyss: Depths:4
Pandemonium: Depths:3
Ziggurat: Depths:5
Trove: Vaults:1 (give 10 potions of heal wounds)

Annotations:
Lair:3 exclusion: 3 oklob plants
Zot:2 2 transporters, exclusion: orange crystal statue
Zot:3 Tiamat


Innate Abilities, Weirdness & Mutations

You reflexively headbutt those who attack you in melee.
You have a pair of horns on your head.
Your flesh is heat resistant. (rF+)
You are frail. (-10% HP)
You are resistant to hostile enchantments. (MR+)
You passively map a small area around you.
Your natural rate of healing is unusually fast.


Message History

Unknown command.
Okay, then.
You feel much better. You block Tiamat's attack. x3
Tiamat tail-slaps you but does no damage.
You slice Tiamat!! You headbutt Tiamat, but do no damage.
Tiamat is heavily wounded.
Tiamat hits you with a brightly glowing battleaxe {distort}!!
Space bends around you. You block Tiamat's attack.
Okay, then.
You feel agile all of a sudden.
You feel the effects of Trog's Hand fading.
Tiamat completely misses you. Tiamat tail-slaps you!!!
* * * LOW HITPOINT WARNING * * *
You block Tiamat's attack.
Tiamat hits you with a brightly glowing battleaxe {distort}!!
* * * LOW HITPOINT WARNING * * *
Space warps horribly around you!
* * * LOW HITPOINT WARNING * * *
Tiamat tail-slaps you!!!
You die...

*,,,,* *****#..#$...($#******..,*
,,,*** #*,$#.....)($,**,,,,,,*
,,,,,*****#$*.)?....[#,?,**,,,,,*
,,,,,,,,,,#$#,.......#..*****..,*
***,,*,,,,##..#..:.D..$#,* *#..#
**,,,***,*#$$.#..)[..$.#$* #..#
**,*,,,,**#$#$.}..}:..$$## #...
*,***,,,,,*#$$...:)...#.$# #...
*,***,,,**##.#..@)...?..#* ##...
,,,,***** #%#..$d.../)!..# #....
,,,,,**,**#$$#.....^.#$#.# #....
*,*,,**,,,##$#.#......$.#* #....
***,,,,,,,*##()$$$$##..$# #....
,,*****,,,*#.$?$#$$$$.$## #....
,,* *,,***#$##$$$#$$$#$# #....
,,* **,,* ##$#.$.$$#$$#* ##...
,,***,,,*** #$.#....$#$# #...


You could see Tiamat (berserk) and a golden dragon.

Vanquished Creatures
  An ancient lich (Depths:5)
  An orb of fire (Zot:3)
  2 greater mummies (Depths:3)
  Frederick (Depths:5)
  Margery (Depths:5)
  Saint Roka (Orc:2)
  the Lernaean hydra (Swamp:4)
  Xtahua (Vaults:5)
  A Killer Klown (Zot:3)
  Nikola (Vaults:1)
  11 golden dragons
  Jory (Vaults:5)
  Jorgrun (Vaults:2)
  8 tentacled monstrosities
  An electric golem (Zot:1)
  4 liches
  4 quicksilver dragons
  2 titans
  Frances (Spider:1)
  5 death cobs
  An ancient champion (WizLab)
  A sphinx (shapeshifter) (Depths:2)
  A thorn hunter (Swamp:4)
  9 sphinxes
  9 storm dragons
  6 tengu reavers
  5 shadow dragons
  Agnes (D:15)
  9 draconian monks
  A fire giant (shapeshifter) (Depths:2)
  4 frost giants
  7 fire giants
  2 draconian scorchers
  26 vault wardens
  2 draconian knights
  An iron dragon (Vaults:5)
  A deep elf sorcerer (Vaults:4)
  A balrug (Depths:3)
  3 ghost moths
  A ghost moth (shapeshifter) (Depths:2)
  A ghoul (Vaults:3)
  6 emperor scorpions (Spider:4)
  2 draconian shifters (Zot:3)
  A curse skull (Vaults:3)
  27 stone giants
  A deep elf elementalist (Vaults:5)
  2 draconian annihilators (Depths:5)
  16 ironheart preservers
  A draconian stormcaller (Zot:1)
  5 war gargoyles
  30 very ugly things
  3 entropy weavers
  A juggernaut skeleton (Depths:3)
  3 vampire knights
  3 deep elf demonologists
  4 green draconians (Depths:5)
  A deep elf annihilator (Vaults:4)
  8 white draconians
  11 red draconians
  6 black draconians
  12 purple draconians
  9 yellow draconians
  A spark wasp (Depths:3)
  12 fire dragons
  8 ettins
  2 mummy priests (Depths:3)
  A minotaur (Lab)
  A blizzard demon (Depths:2)
  10 yaktaur captains
  13 crystal guardians
  A hydra (shapeshifter) (Vaults:5)
  2 deep elf high priests
  7 great orbs of eyes
  2 ghost crabs (Swamp:4)
  5 rakshasas
  Fannar (Orc:1)
  A quicksilver dragon skeleton (Vaults:4)
  Erolcha (D:11)
  40 vault guards
  23 hydras
  A spriggan air mage (Depths:4)
  21 ice dragons
  A catoblepas (Lair:6)
  4 alligators
  8 centaur warriors
  61 two-headed ogres
  14 dancing weapons (Depths:2)
  19 ogre magi
  10 tengu warriors
  4 death knights
  An orc high priest (Orc:2)
  6 deep troll earth magi
  4 large abominations (Depths:4)
  4 deep troll shamans
  A shock serpent (Depths:2)
  2 sun demons (Depths:3)
  A vampire mage (Depths:3)
  2 shock serpents (shapeshifter) (Vaults:5)
  An iron troll (shapeshifter) (Depths:2)
  A storm dragon zombie (Depths:3)
  5 skeletal warriors
  3 shadow wraiths
  16 hell knights
  6 iron trolls (Depths:3)
  6 deep elf knights
  A sea snake (shapeshifter) (D:14)
  3 death drakes
  A storm dragon skeleton (Depths:3)
  24 deep trolls
  6 unseen horrors
  5 wizards
  5 flayed ghosts
  3 spriggan druids
  An orange crystal statue (Depths:2)
  11 swamp dragons
  14 deep elf archers
  Pikel (D:6)
  5 lindwurms (Depths:5)
  9 glowing orange brains
  12 harpies
  9 necromancers
  14 ironbrand convokers
  A tengu skeleton (Depths:3)
  3 shambling mangroves
  22 orc knights
  3 obsidian statues (Depths:2)
  The ghost of Dustman the Skirmisher, a novice HuFi (D:6)
  30 deep elf magi
  A stone giant zombie (Vaults:5)
  4 phantasmal warriors
  3 orc sorcerers
  15 orb spiders
  2 manticores (shapeshifter)
  58 ugly things
  25 wolf spiders
  2 sphinx skeletons
  2 manticores
  A salamander (shapeshifter) (Depths:4)
  8 moths of wrath
  11 cyclopes
  9 elephants
  The ghost of Ghouzt the Slasher, a novice MiMo of Xom (D:5)
  A guardian serpent (shapeshifter) (Depths:4)
  3 centaur zombies
  3 molten gargoyles (Depths:2)
  12 vault sentinels
  5 gargoyles
  8 black mambas
  18 spiny frogs
  2 torpor snails
  2 ice statues (IceCv)
  5 spectral swamp worms (Depths:5)
  A storm dragon simulacrum (Vaults:4)
  A spiny frog (shapeshifter) (Vaults:2)
  11 demonic crawlers
  4 rime drakes
  58 yaktaurs
  8 freezing wraiths
  A komodo dragon (shapeshifter) (Vaults:3)
  11 komodo dragons
  A kobold demonologist (D:14)
  2 guardian mummies (Depths:3)
  A meliai (shapeshifter) (Depths:4)
  10 polar bears
  5 trolls
  20 hornets
  32 jumping spiders
  2 hornets (shapeshifter)
  A blink frog (shapeshifter) (Vaults:2)
  5 wind drakes
  4 tyrant leeches
  6 bog bodies
  16 blink frogs
  2 wind drakes (shapeshifter)
  2 dream sheep (shapeshifter) (Depths:2)
  21 slime creatures
  A hippogriff (shapeshifter) (Vaults:1)
  22 dream sheep (Lair:5)
  86 redbacks
  9 hippogriffs
  Sigmund (D:5)
  An ettin skeleton (Vaults:4)
  16 spriggans
  A shadow (D:14)
  2 tarantellas (shapeshifter)
  10 water elementals
  12 air elementals
  3 small abominations (Depths:4)
  26 tarantellas
  41 yaks
  5 vampires
  A spriggan (shapeshifter) (Depths:1)
  8 wraiths
  A human (D:13)
  3 wyverns
  A yak (shapeshifter) (Vaults:4)
  2 hungry ghosts
  A basilisk (D:14)
  2 hogs (shapeshifter)
  4 chaos spawn (Depths:4)
  8 fire elementals (Depths:2)
  Eustachio (D:5)
  Grum (D:11)
  18 vampire mosquitoes
  A warg (shapeshifter) (Depths:5)
  14 swamp worms
  4 two-headed ogre zombies (WizLab)
  5 wargs
  15 insubstantial wisps
  Edmund (D:5)
  A naga (shapeshifter) (Depths:2)
  4 porcupines
  5 acid dragons
  A deep troll zombie (Vaults:5)
  15 water moccasins
  Duvessa (D:5)
  3 black bears
  11 ice beasts
  6 sky beasts
  A slave (D:6)
  21 swamp drakes
  2 eyes of draining
  45 orc warriors
  A sky beast (shapeshifter) (Vaults:2)
  14 boggarts
  An ettin simulacrum (Vaults:5)
  40 ogres
  35 wolves
  9 centaurs
  14 crocodiles
  A big kobold (shapeshifter) (Depths:2)
  A bullfrog (shapeshifter) (Vaults:3)
  23 bullfrogs
  11 earth elementals (Depths:2)
  A water moccasin zombie (D:8)
  A wyvern zombie (D:9)
  A wyvern skeleton (D:13)
  5 scorpions
  Dowan (D:5)
  9 troll zombies (WizLab)
  11 killer bees (D:7)
  11 wights
  6 howler monkeys
  7 electric eels
  A lava snake (D:15)
  3 crimson imps
  A bullfrog zombie (D:12)
  12 hounds
  3 quasits
  38 orc priests
  Crazy Yiuf (D:5)
  A bullfrog skeleton (D:9)
  10 jellies
  5 centaur skeletons
  5 iguanas
  44 orc wizards
  13 worker ants
  2 hell rats (Lair:1)
  4 ogre zombies (WizLab)
  A hound zombie (D:7)
  A hound skeleton (D:8)
  A mummy (Depths:3)
  2 worker ant zombies
  10 gnolls
  13 adders
  A howler monkey skeleton (D:9)
  8 river rats (Lair:1)
  6 shadow imps
  7 oozes
  An adder zombie (D:6)
  2 worms
  A dart slug (D:2)
  6 leopard geckos
  128 orcs
  7 giant cockroaches
  6 goblins
  8 hobgoblins
  11 jackals
  9 kobolds
  4 quokkas
  2 ball pythons
  8 bats
  9 frilled lizards
  2 jackal skeletons
  4 rats
  3 fungi
  4 plants
2290 creatures vanquished.

Vanquished Creatures (collateral kills)
  An ancient lich (WizLab)
  A sphinx (Depths:3)
  A storm dragon (Vaults:5)
  Kirke (D:14)
  A shadow dragon (Zot:1)
  A draconian monk (Depths:5)
  An iron dragon (Vaults:5)
  A vault warden (Vaults:3)
  An emperor scorpion (Spider:4)
  A draconian annihilator (Depths:5)
  2 stone giants (Vaults:5)
  2 ironheart preservers
  2 war gargoyles (Depths:2)
  An entropy weaver (Spider:4)
  Nessos (Lair:6)
  A black draconian (Depths:5)
  A red draconian (Zot:1)
  An ettin (Vaults:5)
  A mummy priest (Depths:3)
  A vault guard (Vaults:1)
  A yaktaur captain (Vaults:5)
  A hydra (Swamp:4)
  A two-headed ogre (Vaults:4)
  An ogre mage (Vaults:3)
  Urug (Orc:2)
  4 skeletal warriors (WizLab)
  A fire crab (D:14)
  5 orb spiders
  An ironbrand convoker (Vaults:1)
  6 wolf spiders
  An ugly thing (D:14)
  A moth of wrath (Zot:1)
  A moth of wrath (shapeshifter) (Vaults:5)
  2 elephants (Lair:6)
  A human skeleton (Vaults:5)
  A stone giant skeleton (Vaults:5)
  A vault sentinel (Vaults:1)
  A kobold demonologist (D:14)
  An efreet (D:14)
  2 yaktaurs (Vaults:5)
  A guardian mummy (Depths:3)
  A hornet (Lair:6)
  4 tarantellas
  12 redbacks
  A warg (Vaults:4)
  An orc warrior (Vaults:4)
  7 ice beasts (IceCv)
  2 ogres
  An orc wizard (Orc:1)
  A mummy (Depths:3)
  2 orcs
90 creatures vanquished.

Vanquished Creatures (others)
  A yaktaur captain (Vaults:5)
  5 humans (D:14)
  A fire elemental (Depths:2)
  An ogre (Vaults:5)
  An orc warrior (Vaults:3)
  A crocodile (Lair:6)
  2 orc wizards
  11 ball lightnings (Depths:2)
  16 fungi
  26 plants
65 creatures vanquished.

Grand Total: 2445 creatures vanquished

Notes
Turn   | Place    | Note
-------+----------+-------------------------------------------
     0 | D:1      | Megalobster the Minotaur Berserker began the quest for the Orb.
     0 | D:1      | Reached XP level 1. HP: 19/19 MP: 0/0
   124 | D:1      | Reached XP level 2. HP: 17/27 MP: 1/1
   753 | D:2      | Reached skill level 4 in Fighting
   753 | D:2      | Reached XP level 3. HP: 33/33 MP: 2/2
   762 | D:2      | Reached ** piety under Trog
  1059 | D:2      | Found an opulent altar of Gozag.
  1199 | D:2      | Reached XP level 4. HP: 40/40 MP: 3/3
  1344 | D:2      | Reached skill level 5 in Axes
  1352 | D:2      | Reached *** piety under Trog
  1399 | D:2      | Reached XP level 5. HP: 47/47 MP: 4/4
  2448 | D:3      | Reached skill level 1 in Shields
  3121 | D:4      | Reached XP level 6. HP: 52/55 MP: 5/5
  3254 | D:4      | Found a sparkling altar of Nemelex Xobeh.
  3500 | D:4      | Reached skill level 5 in Fighting
  3572 | D:4      | Reached XP level 7. HP: 35/61 MP: 6/6
  4122 | D:5      | Entered Level 5 of the Dungeon
  4186 | D:5      | Noticed Dowan
  4186 | D:5      | Noticed Ghouzt's ghost (novice MiMo)
  4189 | D:5      | Noticed Duvessa
  4194 | D:5      | Killed Dowan
  4198 | D:5      | Killed Duvessa
  4198 | D:5      | Reached skill level 5 in Armour
  4294 | D:5      | Found a runed door.
  4298 | D:5      | Noticed Crazy Yiuf
  4305 | D:5      | Killed Crazy Yiuf
  4432 | D:5      | Reached XP level 8. HP: 70/70 MP: 7/7
  4463 | D:5      | Noticed Edmund
  4466 | D:5      | Killed Edmund
  4466 | D:5      | Reached skill level 6 in Fighting
  4707 | D:5      | Noticed Sigmund
  4714 | D:5      | Killed Sigmund
  4714 | D:5      | Reached skill level 5 in Dodging
  4717 | D:5      | Killed Ghouzt's ghost
  4806 | D:5      | Reached **** piety under Trog
  4822 | D:5      | Noticed Eustachio
  4832 | D:5      | Killed Eustachio
  4919 | D:5      | Reached XP level 9. HP: 64/78 MP: 8/8
  5091 | D:6      | Noticed a two-headed ogre
  5098 | D:6      | Killed a two-headed ogre
  5098 | D:6      | Reached skill level 7 in Fighting
  5213 | D:6      | Found a bloodstained altar of Trog.
  5215 | D:6      | Found a radiant altar of Vehumet.
  5217 | D:6      | Found an ancient bone altar of Kikubaaqudgha.
  5286 | D:6      | Noticed Dustman's ghost (novice HuFi)
  5292 | D:6      | Reached skill level 10 in Axes
  5305 | D:6      | Killed Dustman's ghost
  5450 | D:6      | Found a staircase to the Ecumenical Temple.
  5489 | D:6      | Found a bloodstained altar of Trog.
  5509 | D:6      | Reached skill level 8 in Fighting
  5894 | D:6      | Noticed Pikel
  5902 | D:6      | Paralysed by Pikel for 2 turns
  5905 | D:6      | Killed Pikel
  6145 | D:7      | Reached XP level 10. HP: 88/88 MP: 9/9
  6870 | D:8      | Noticed a two-headed ogre
  6879 | D:8      | Reached skill level 9 in Fighting
  6881 | D:8      | Killed a two-headed ogre
  7073 | D:8      | Reached ***** piety under Trog
  7665 | D:9      | Found a staircase to the Lair.
  7711 | D:9      | Noticed a death knight
  7711 | D:9      | Noticed a phantasmal warrior
  7720 | D:9      | Killed a phantasmal warrior
  7720 | D:9      | Reached XP level 11. HP: 75/97 MP: 10/10
  7794 | D:9      | Received a gift from Trog
  8039 | D:9      | Found Menop's Book Emporium.
  8108 | D:9      | Killed a death knight
  8108 | D:9      | Reached skill level 10 in Fighting
  8590 | D:10     | Entered Level 10 of the Dungeon
  9262 | Lair:1   | Entered Level 1 of the Lair of Beasts
  9288 | Lair:1   | Reached skill level 10 in Armour
  9744 | Lair:1   | Found a labyrinth entrance.
  9758 | Lab      | Entered a labyrinth
  9793 | Lab      | Found an exit through the horrors of the Abyss.
  9854 | Lab      | Noticed a minotaur
  9860 | Lab      | Killed a minotaur
 10297 | Lair:1   | Reached XP level 12. HP: 108/108 MP: 11/11
 10901 | Lair:2   | Reached skill level 11 in Fighting
 10959 | Lair:2   | Reached skill level 10 in Dodging
 11439 | Lair:2   | Reached skill level 15 in Axes
 12604 | Lair:3   | Reached skill level 12 in Fighting
 13012 | Lair:4   | Found a hole to the Spider Nest.
 13017 | Lair:4   | Received a gift from Trog
 13024 | Lair:4   | Reached XP level 13. HP: 112/118 MP: 12/12
 13177 | Lair:4   | Found a staircase to the Swamp.
 14351 | Lair:5   | Found a frozen archway.
 14403 | IceCv    | Entered an ice cave
 14788 | IceCv    | Reached skill level 13 in Fighting
 15454 | Lair:6   | Entered Level 6 of the Lair of Beasts
 15550 | Lair:6   | Noticed Nessos
 15572 | Lair:6   | HP: 5/122 [Nessos/arrow (9)]
 15574 | Lair:6   | Found a radiant altar of Vehumet.
 15581 | Lair:6   | Killed Nessos
 15920 | Lair:6   | Reached skill level 1 in Evocations
 16089 | Lair:6   | Reached XP level 14. HP: 129/129 MP: 13/13
 16188 | Lair:6   | Found a staircase to the Slime Pits.
 16549 | Lair:6   | Received a gift from Trog
 16568 | Lair:6   | Paralysed by a hornet for 1 turns
 17075 | Lair:6   | Got an ichor-stained chain mail
 17086 | Lair:6   | Identified the cursed +0 chain mail of Optimism {Str+4 SInv} (You found it on level 6 of the Lair of Beasts)
 18210 | D:12     | Found a flagged portal.
 18233 | Bailey   | Entered a bailey
 18706 | Bailey   | Got transparent steam dragon scales
 18956 | D:9      | Identified the cursed +0 steam dragon scales "Huinis" {rC- rN+ rCorr Stlth+} (You found it in a bailey)
 19548 | D:11     | Noticed Erolcha
 19557 | D:11     | Killed Erolcha
 19564 | D:11     | Noticed Grum
 19567 | D:11     | Killed Grum
 19632 | D:11     | Found a staircase to the Orcish Mines.
 19760 | Orc:1    | Entered Level 1 of the Orcish Mines
 19887 | Orc:2    | Entered Level 2 of the Orcish Mines
 19957 | Orc:2    | Found Jaanuixa's Antique Armour Shoppe.
 20389 | Orc:2    | Bought a pair of glowing boots for 187 gold pieces
 20389 | Orc:2    | Bought a fine ring mail for 225 gold pieces
 20389 | Orc:2    | Bought a pair of embroidered gloves for 187 gold pieces
 20419 | Orc:2    | Identified the +5 ring mail of the Earth {rC+} (You bought it in a shop on level 2 of the Orcish Mines)
 20478 | Orc:2    | Found a staircase to the Elven Halls.
 20706 | Orc:2    | Received a gift from Trog
 20906 | Orc:1    | Noticed a stone giant
 20918 | Orc:1    | Killed a stone giant
 21273 | Orc:1    | Noticed Fannar
 21279 | Orc:1    | Killed Fannar
 21279 | Orc:1    | Reached skill level 14 in Fighting
 21314 | Orc:1    | Found a roughly hewn altar of Beogh.
 21574 | Orc:2    | Noticed Urug
 21603 | Orc:2    | Killed Urug
 22172 | Orc:2    | Noticed Saint Roka
 22329 | Orc:2    | Killed Saint Roka
 22329 | Orc:2    | Reached XP level 15. HP: 138/138 MP: 17/17
 22442 | Orc:2    | Found a roughly hewn altar of Beogh.
 22466 | Orc:2    | Found Kaatupniu's Antique Weapon Boutique.
 22529 | Orc:2    | Found Jiczopp's General Store.
 22566 | Orc:2    | Found Kudd's Jewellery Boutique.
 22582 | Orc:2    | Found Devvoerchoi's Antique Armour Boutique.
 22800 | Orc:2    | Bought a scroll of remove curse for 45 gold pieces
 22800 | Orc:2    | Bought a potion of resistance for 150 gold pieces
 22832 | Orc:2    | Bought an uncursed amulet of regeneration for 450 gold pieces
 23070 | D:13     | Found Uweplo's Antique Armour Emporium.
 23086 | D:13     | Received a gift from Trog
 23286 | D:13     | Bought a runed buckler for 255 gold pieces
 23327 | D:13     | Found Sad Ucau's Antique Armour Shop.
 23387 | D:13     | Found Dogei's Antique Weapon Shoppe.
 23390 | D:13     | Bought a dazzling plate armour for 756 gold pieces
 23401 | D:13     | Identified the +8 plate armour of Pan-Flutes {MR+++ Str+4 Int-3 Stlth+} (You bought it in a shop on level 13 of the Dungeon)
 23754 | D:13     | Found Nano's Weapon Boutique.
 23798 | D:13     | Found a gate to the Vaults.
 23805 | D:13     | Reached skill level 5 in Evocations
 23923 | D:13     | Found Lylanyog's Antique Weapon Shoppe.
 24653 | D:14     | Received a gift from Trog
 24713 | D:14     | Noticed Kirke
 24717 | D:14     | Killed Kirke
 24765 | D:14     | Reached skill level 15 in Fighting
 25244 | D:14     | Reached skill level 15 in Armour
 25469 | D:14     | Reached skill level 5 in Shields
 25504 | D:15     | Entered Level 15 of the Dungeon
 25593 | D:15     | Reached XP level 16. HP: 117/149 MP: 20/20
 25750 | D:15     | Found a staircase to the Depths.
 26335 | D:15     | Noticed Agnes
 26343 | D:15     | Killed Agnes
 26661 | Swamp:1  | Entered Level 1 of the Swamp
 28058 | Swamp:3  | Identified 2 scrolls of acquirement
 28194 | Swamp:3  | Got a black opal-encrusted crystal plate armour
 28205 | Swamp:3  | Identified the +14 crystal plate armour "Ibodd" {rC+++ Regen+ Int+3 Dex-3} (You acquired it on level 3 of the Swamp)
 28470 | Swamp:3  | Received a gift from Trog
 28843 | Swamp:4  | Entered Level 4 of the Swamp
 29344 | Swamp:4  | Reached skill level 16 in Fighting
 29929 | Swamp:4  | Noticed a thorn hunter
 29941 | Swamp:4  | Killed a thorn hunter
 30158 | Swamp:4  | Reached ****** piety under Trog
 30163 | Swamp:4  | Noticed the 27-headed Lernaean hydra
 30176 | Swamp:4  | Killed the 24-headed Lernaean hydra
 30176 | Swamp:4  | Reached skill level 10 in Shields
 30176 | Swamp:4  | Reached XP level 17. HP: 158/158 MP: 18/22
 30285 | Swamp:4  | Got a decaying rune of Zot
 30732 | Spider:1 | Entered Level 1 of the Spider Nest
 30738 | Spider:1 | Noticed Frances
 30756 | Spider:1 | Killed Frances
 30765 | Spider:1 | Received a gift from Trog
 31294 | Spider:1 | Reached skill level 15 in Dodging
 32641 | Spider:2 | Received a gift from Trog
 33215 | Spider:3 | Received a gift from Trog
 33422 | Spider:4 | Entered Level 4 of the Spider Nest
 33663 | Spider:4 | Received a gift from Trog
 33961 | Spider:4 | Reached XP level 18. HP: 156/168 MP: 8/24
 34506 | Spider:4 | Reached skill level 17 in Fighting
 34816 | Spider:4 | Got a gossamer rune of Zot
 35247 | Vaults:1 | Entered Level 1 of the Vaults
 35735 | Vaults:1 | Reached skill level 10 in Evocations
 36838 | Vaults:1 | Noticed Nikola
 36847 | Vaults:1 | Killed Nikola
 36906 | Vaults:1 | Found a portal to a secret trove of treasure.
 37371 | Vaults:1 | Received a gift from Trog
 37594 | Vaults:1 | Reached XP level 19. HP: 162/178 MP: 7/25
 37829 | Vaults:2 | Reached skill level 15 in Shields
 37953 | Vaults:2 | Noticed Jorgrun
 37965 | Vaults:2 | Killed Jorgrun
 38159 | Vaults:2 | Found a magical portal.
 38281 | WizLab   | Entered Zonguldrok's Shrine
 38437 | WizLab   | Received a gift from Trog
 38774 | WizLab   | Reached skill level 18 in Fighting
 38898 | WizLab   | Noticed an antique lich
 38907 | WizLab   | Killed an antique lich
 38948 | WizLab   | Found the +9 sword of Zonguldrok {reap}
 40619 | Vaults:3 | Reached skill level 19 in Fighting
 40795 | Vaults:3 | Reached XP level 20. HP: 191/191 MP: 9/27
 40979 | Vaults:3 | Received a gift from Trog
 41095 | Vaults:3 | Found a staircase to the Crypt.
 42382 | Vaults:4 | Received a gift from Trog
 42484 | Vaults:4 | Reached skill level 20 in Fighting
 43155 | Vaults:4 | Received a gift from Trog
 43172 | Vaults:4 | Reached XP level 21. HP: 202/202 MP: 8/29
 43655 | Vaults:4 | Received a gift from Trog
 43658 | Vaults:4 | Reached skill level 21 in Fighting
 44402 | Depths:1 | Entered Level 1 of the Depths
 44737 | Depths:1 | Found a gateway to Hell.
 45189 | Depths:1 | Found a shimmering altar of Xom.
 45483 | Depths:2 | Received a gift from Trog
 46446 | Depths:2 | Received a gift from Trog
 46891 | Depths:2 | Reached skill level 22 in Fighting
 47198 | Depths:2 | Reached XP level 22. HP: 135/215 MP: 5/30
 48204 | Orc:2    | Bought a ration for 75 gold pieces
 48204 | Orc:2    | Bought a ration for 75 gold pieces
 48204 | Orc:2    | Bought a scroll of brand weapon for 300 gold pieces
 48301 | D:9      | Gained mutation: You have supernaturally acute eyesight. (SInv) [potion of mutation]
 48301 | D:9      | Gained mutation: Your flesh is heat resistant. (rF+) [potion of mutation]
 48301 | D:9      | Gained mutation: Your natural rate of healing is unusually fast. [potion of mutation]
 48761 | Depths:3 | Received a gift from Trog
 49007 | Depths:3 | Noticed a greater mummy
 49013 | Depths:3 | Found a one-way gate leading to the halls of Pandemonium.
 49024 | Depths:3 | Killed a greater mummy
 49225 | Depths:3 | Found the amulet of Vitality {Regen+ HP+15}
 49225 | Depths:3 | Noticed a greater mummy
 49240 | Depths:3 | Killed a greater mummy
 49490 | Depths:3 | Reached skill level 23 in Fighting
 49549 | Depths:3 | Got a faintly glowing trident
 49550 | Depths:3 | Identified the +2 trident of Earthquakes {drain, MR+ Dex+4 Stlth+} (You found it on level 3 of the Depths)
 49818 | Depths:4 | Received a gift from Trog
 49909 | Depths:4 | Noticed a golden dragon
 49919 | Depths:4 | Killed a golden dragon
 49925 | Depths:4 | Noticed a golden dragon
 50054 | Depths:4 | Reached XP level 23. HP: 226/227 MP: 10/31
 50467 | Depths:4 | Found a one-way gate to the infinite horrors of the Abyss.
 50921 | Depths:5 | Entered Level 5 of the Depths
 51412 | Depths:5 | Reached skill level 24 in Fighting
 51470 | Depths:5 | Noticed Frederick
 51678 | Depths:5 | Killed Frederick
 51883 | Depths:5 | Noticed Margery
 51902 | Depths:5 | Killed Margery
 52404 | Depths:5 | Noticed an ancient lich
 52522 | Depths:5 | Found a gateway to a ziggurat.
 53446 | Depths:5 | Received a gift from Trog
 53706 | Depths:5 | Found a gate to the Realm of Zot.
 53859 | Depths:5 | Killed an ancient lich
 54125 | D:9      | Lost mutation: Your natural rate of healing is unusually fast. [potion of mutation]
 54125 | D:9      | Lost mutation: Your flesh is heat resistant. (rF+) [potion of mutation]
 54125 | D:9      | Gained mutation: You are agile. (Dex +2) [potion of mutation]
 54125 | D:9      | Lost mutation: You have supernaturally acute eyesight. (SInv) [potion of mutation]
 54125 | D:9      | Gained mutation: You possess an exceptional clarity of mind. [potion of mutation]
 54127 | D:9      | Lost mutation: You possess an exceptional clarity of mind. [potion of mutation]
 54127 | D:9      | Lost mutation: You are agile. (Dex +2) [potion of mutation]
 54127 | D:9      | Gained mutation: Your muscles are strong. (Str +2) [potion of mutation]
 54127 | D:9      | Gained mutation: You possess an exceptional clarity of mind. [potion of mutation]
 54128 | D:9      | Lost mutation: You possess an exceptional clarity of mind. [potion of mutation]
 54128 | D:9      | Lost mutation: Your muscles are strong. (Str +2) [potion of mutation]
 54128 | D:9      | Gained mutation: You have sharp toenails. [potion of mutation]
 54128 | D:9      | Gained mutation: You do not regenerate when monsters are visible. [potion of mutation]
 54128 | D:9      | Gained mutation: Your spells are a little easier to cast, but a little less powerful. [potion of mutation]
 54128 | D:9      | Gained mutation: You are partially covered in yellow scales. (AC +2) [potion of mutation]
 54129 | D:9      | Lost mutation: Your spells are a little easier to cast, but a little less powerful. [potion of mutation]
 54129 | D:9      | Lost mutation: You have sharp toenails. [potion of mutation]
 54129 | D:9      | Lost mutation: You are partially covered in yellow scales. (AC +2) [potion of mutation]
 54129 | D:9      | Gained mutation: Your system is resistant to poisons. (rPois) [potion of mutation]
 54129 | D:9      | Gained mutation: Your mind is acute. (Int +2) [potion of mutation]
 54129 | D:9      | Gained mutation: Your spells are a little harder to cast, but a little more powerful. [potion of mutation]
 54129 | D:9      | Gained mutation: You are partially covered in rugged brown scales. (AC +1, +3% HP) [potion of mutation]
 54130 | D:9      | Lost mutation: You are partially covered in rugged brown scales. (AC +1, +3% HP) [potion of mutation]
 54130 | D:9      | Lost mutation: Your mind is acute. (Int +2) [potion of mutation]
 54130 | D:9      | Lost mutation: You do not regenerate when monsters are visible. [potion of mutation]
 54130 | D:9      | Gained mutation: You possess an exceptional clarity of mind. [potion of mutation]
 54130 | D:9      | Gained mutation: You are somewhat resistant to further mutation. [potion of mutation]
 54131 | D:9      | Lost mutation: You possess an exceptional clarity of mind. [potion of mutation]
 54131 | D:9      | Lost mutation: You are somewhat resistant to further mutation. [potion of mutation]
 54131 | D:9      | Lost mutation: Your spells are a little harder to cast, but a little more powerful. [potion of mutation]
 54131 | D:9      | Lost mutation: Your system is resistant to poisons. (rPois) [potion of mutation]
 54131 | D:9      | Gained mutation: You are partially covered in rugged brown scales. (AC +1, +3% HP) [potion of mutation]
 54131 | D:9      | Gained mutation: You possess an exceptional clarity of mind. [potion of mutation]
 54142 | D:9      | Lost mutation: You possess an exceptional clarity of mind. [potion of mutation]
 54142 | D:9      | Lost mutation: You are partially covered in rugged brown scales. (AC +1, +3% HP) [potion of mutation]
 54142 | D:9      | Gained mutation: Your spells are a little harder to cast, but a little more powerful. [potion of mutation]
 54142 | D:9      | Gained mutation: You are resistant to hostile enchantments. (MR+) [potion of mutation]
 54142 | D:9      | Gained mutation: You are dopey. (Int -2) [potion of mutation]
 54142 | D:9      | Gained mutation: You passively map a small area around you. [potion of mutation]
 54143 | D:9      | Lost mutation: You passively map a small area around you. [potion of mutation]
 54143 | D:9      | Lost mutation: You are dopey. (Int -2) [potion of mutation]
 54143 | D:9      | Gained mutation: You do not regenerate when monsters are visible. [potion of mutation]
 54143 | D:9      | Gained mutation: Your body sometimes deteriorates upon taking damage. [potion of mutation]
 54143 | D:9      | Gained mutation: Your flesh is cold resistant. (rC+) [potion of mutation]
 54144 | D:9      | Lost mutation: Your spells are a little harder to cast, but a little more powerful. [potion of mutation]
 54144 | D:9      | Lost mutation: Your flesh is cold resistant. (rC+) [potion of mutation]
 54144 | D:9      | Gained mutation: You are partially covered in yellow scales. (AC +2) [potion of mutation]
 54144 | D:9      | Gained mutation: You are surrounded by a mild repulsion field. (EV +2) [potion of mutation]
 54145 | D:9      | Lost mutation: Your body sometimes deteriorates upon taking damage. [potion of mutation]
 54145 | D:9      | Lost mutation: You are resistant to hostile enchantments. (MR+) [potion of mutation]
 54145 | D:9      | Gained mutation: You are partially covered in slimy green scales. (AC +2) [potion of mutation]
 54145 | D:9      | Gained mutation: You have sharp toenails. [potion of mutation]
 54145 | D:9      | Gained mutation: You are resistant to hostile enchantments. (MR+) [potion of mutation]
 54146 | D:9      | Lost mutation: You are resistant to hostile enchantments. (MR+) [potion of mutation]
 54146 | D:9      | Lost mutation: You are partially covered in slimy green scales. (AC +2) [potion of mutation]
 54146 | D:9      | Lost mutation: You have sharp toenails. [potion of mutation]
 54146 | D:9      | Gained mutation: You are resistant to hostile enchantments. (MR+) [potion of mutation]
 54146 | D:9      | Gained mutation: You have a somewhat thin skeletal structure. (Dex +2, Stealth) [potion of mutation]
 54147 | D:9      | Lost mutation: You are resistant to hostile enchantments. (MR+) [potion of mutation]
 54147 | D:9      | Lost mutation: You have a somewhat thin skeletal structure. (Dex +2, Stealth) [potion of mutation]
 54147 | D:9      | Lost mutation: You are partially covered in yellow scales. (AC +2) [potion of mutation]
 54147 | D:9      | Lost mutation: You do not regenerate when monsters are visible. [potion of mutation]
 54147 | D:9      | Gained mutation: You have large cloven feet. [potion of mutation]
 54148 | D:9      | Lost mutation: You have large cloven feet. [potion of mutation]
 54148 | D:9      | Lost mutation: You are surrounded by a mild repulsion field. (EV +2) [potion of mutation]
 54148 | D:9      | Gained mutation: Your natural rate of healing is unusually fast. [potion of mutation]
 54148 | D:9      | Gained mutation: Your flesh is heat resistant. (rF+) [potion of mutation]
 54148 | D:9      | Gained mutation: You are resistant to hostile enchantments. (MR+) [potion of mutation]
 54507 | Vaults:5 | Entered Level 5 of the Vaults
 54517 | Vaults:5 | Reached XP level 24. HP: 240/240 MP: 9/31
 54692 | Vaults:5 | Noticed Jory
 54702 | Vaults:5 | Reached skill level 25 in Fighting
 54705 | Vaults:5 | Killed Jory
 54884 | Vaults:5 | Received a gift from Trog
 55083 | Vaults:5 | Got a silver rune of Zot
 55326 | Vaults:5 | Got a flickering granite ring
 55328 | Vaults:5 | Identified the ring "Eweu" {Fire MR++ Str+3 Int-2 Slay-3} (You took it off a vault sentinel on level 5 of the Vaults)
 55366 | Vaults:5 | Received a gift from Trog
 55366 | Vaults:5 | Reached XP level 25. HP: 250/250 MP: 10/31
 55371 | Vaults:5 | Got an iridescent mace {elec}
 55372 | Vaults:5 | Identified the +7 mace of the Jolly Mice {elec, rN+} (You took it off an orc priest on level 5 of the Vaults)
 56020 | Vaults:5 | Noticed Xtahua
 56034 | Vaults:5 | Killed Xtahua
 56755 | Zot:1    | Entered Level 1 of the Realm of Zot
 57829 | Zot:2    | Found Baliapn's Changing Room.
 57848 | Zot:2    | Bought a potion of mutation for 120 gold pieces
 58815 | Zot:2    | Found a transporter.
 58826 | Zot:2    | Found a transporter.
 58998 | Zot:3    | Got a pair of spiked boots
 58999 | Zot:3    | Identified the +0 pair of boots of Qudghog {+Blink Dex-5 Stlth+} (You found it on level 3 of the Realm of Zot)
 59203 | Zot:3    | Noticed an orb of fire
 59210 | Zot:3    | Gained mutation: You are frail. (-10% HP) [an orb of fire]
 59220 | Zot:3    | Gained mutation: You passively map a small area around you. [an orb of fire]
 59222 | Zot:3    | Killed an orb of fire
 60309 | Zot:3    | Noticed Tiamat
 60560 | Zot:3    | Identified the +7 battleaxe "Radder" {distort, *Rage +Rage Str+3 Dex+7}
 60560 | Zot:3    | Annihilated by Tiamat

Skill      XL: |  1  2  3  4  5  6  7  8  9 10 11 12 13 14 15 16 17 18 19 20 21 22 23 24 25 |
---------------+----------------------------------------------------------------------------+-----
Axes           | 4 5 6 7 9 11 12 14 15 17 18 | 18.9
Fighting       | 4 5 6 8 9 10 12 13 14 15 16 17 19 20 22 23 24 25 | 25.8
Armour         | 3 4 5 6 7 9 10 11 12 13 15 16 17 18 19 20 21 23 24 | 24.4
Dodging        | 3 4 5 7 8 9 10 12 13 14 15 16 17 18 19 20 21 22 | 22.8
Shields        | 1 2 3 4 5 10 12 14 15 16 17 18 19 20 | 20.1
Evocations     | 1 4 6 8 9 10 11 12 | 12.8

Action                   |  1- 3 |  4- 6 |  7- 9 | 10-12 | 13-15 | 16-18 | 19-21 | 22-24 | 25-27 || total
-------------------------+-------+-------+-------+-------+-------+-------+-------+-------+-------++-------
Melee: Hand axe          |    71 |    30 |       |       |       |       |       |       |       ||   101
       Headbutt          |    10 |    17 |    38 |   129 |   240 |   381 |   512 |   369 |   162 ||  1858
       War axe           |       |    66 |   157 |   179 |   168 |       |       |       |       ||   570
       Battleaxe         |       |       |       |   290 |   406 |       |       |       |       ||   696
       Flail             |       |       |       |       |    15 |       |       |       |       ||    15
       Broad axe         |       |       |       |       |   390 |  1190 |  1462 |  1171 |   569 ||  4782
       Mace              |       |       |       |       |       |       |       |       |     1 ||     1
Throw: Javelin           |       |       |       |       |     4 |       |       |       |       ||     4
Invok: Berserk           |       |     4 |     8 |    12 |    33 |    20 |    25 |    21 |    19 ||   142
       Trog's Hand       |       |       |     5 |     8 |    29 |    17 |    28 |    35 |    13 ||   135
       Burn Spellbooks   |       |       |     1 |     5 |     2 |     3 |     2 |     3 |     2 ||    18
       Brothers in Arms  |       |       |       |       |    15 |    10 |     7 |    11 |     2 ||    45
 Abil: Stop Flying       |       |       |       |       |     1 |     2 |     3 |     1 |       ||     7
       Evoke Flight      |       |       |       |       |       |     1 |     3 |     1 |       ||     5
Evoke: Wand              |       |       |       |       |    25 |    42 |       |     1 |       ||    68
       Lamp of fire      |       |       |       |       |     1 |     1 |     1 |       |     1 ||     4
       Lightning rod     |       |       |       |       |       |     7 |       |       |       ||     7
       Sack of spiders   |       |       |       |       |       |       |       |       |     1 ||     1
       Phantom mirror    |       |       |       |       |       |       |       |       |     1 ||     1
  Use: Scroll            |       |       |     5 |    10 |    17 |    17 |     6 |    11 |    18 ||    84
       Potion            |       |       |       |     4 |    11 |     5 |     1 |    26 |     5 ||    52
 Stab: Distracted        |       |       |       |       |     2 |     2 |     1 |       |       ||     5
       Confused          |       |       |       |       |       |       |       |     1 |       ||     1
  Eat: Chunk             |     1 |     8 |    18 |    27 |    38 |    20 |    33 |    25 |    13 ||   183
       Ration            |       |     1 |       |     3 |    15 |    14 |    11 |    12 |     8 ||    64
Armor: Animal skin       |    14 |    24 |     7 |       |       |       |       |       |       ||    45
       Scale mail        |       |       |    41 |   100 |       |       |       |       |       ||   141
       Plate armour      |       |       |       |    79 |   222 |   606 |   300 |   324 |       ||  1531
       Ice dragon scales |       |       |       |       |    78 |       |       |       |       ||    78
       Chain mail        |       |       |       |       |   119 |       |       |       |       ||   119
       Ring mail         |       |       |       |       |    30 |       |       |       |       ||    30
       Crystal plate arm |       |       |       |       |       |       |       |   169 |    19 ||   188
       Gold dragon scale |       |       |       |       |       |       |       |       |   232 ||   232
Dodge: Dodged            |    59 |    80 |    91 |   308 |   624 |   807 |   411 |   506 |   225 ||  3111
Block: Buckler           |       |     6 |    33 |    38 |   115 |   339 |       |       |       ||   531
       Shield            |       |       |       |       |       |   175 |   827 |  1070 |   476 ||  2548
